[Event "*** SCC Grand Prix: Titled Tuesday Blitz"]
[Site "Chess.com"]
[Date "2020.08.11"]
[Round "10"]
[White "Yoshikrov"]
[Black "GMJustin"]
[Result "0-1"]
[WhiteElo "2144"]
[BlackElo "2271"]
[TimeControl "180+1"]
[EndTime "11:57:34 PDT"]
[Termination "GMJustin won by resignation"]

1. e4 e5 2. Nf3 Nc6 3. d4 exd4 4.
Nxd4 Nf6 5. Nxc6 bxc6 6. e5 Qe7 7. Qe2 Nd5 8. c4 Nb6 9. b3 a5 10. Ba3 Qg5 11. Bxf8 Rxf8 12. a4 Qc1+ 13. Qd1 Qb2 14. Nd2 Qxe5+ 15. Be2 Bb7 16. O-O O-O-O 17. Nf3 Qc5 18. Qd3 g6 19. Rac1 d6 20. Nd2 Nd7 21. Ne4 Qe5 22. f4 Qf5 23. h3 Rfe8 24. Rce1 Qxe4 25.
Qc3 Qe3+ 26. Qxe3 Rxe3 27. Bg4 Rxe1 28. Rxe1 f5 29. Be2 Re8 30. Kf2 Nc5 31. Rd1 Nxb3 0-1

[Event "*** SCC Grand Prix: Titled Tuesday Blitz"]
[Site "Chess.com"]
[Date "2020.08.11"]
[Round "10"]
[White "ENEASZ"]
[Black "mortngabriel"]
[Result "1/2-1/2"]
[WhiteElo "2568"]
[BlackElo "2464"]
[TimeControl "180+1"]
[EndTime "11:57:35 PDT"]
[Termination "Game drawn - insufficient material"]

1. e4 g6 2. d4 Bg7 3. Nc3 a6 4. f4 b5 5. Nf3 Bb7 6. Bd3 d6 7. O-O Nd7 8. e5 c5 9. dxc5 Nxc5 10. Be3 Nxd3 11. Qxd3 dxe5 12. Qxd8+ Rxd8 13. Nxe5 Nf6 14. Bc5 Nd7 15. Nxd7 Rxd7 16. Rfe1 e6 17. Rad1 Kd8 18. Rxd7+ Kxd7 19. Rd1+ Kc7 20. Bd4 Bxd4+ 21. Rxd4 Rd8 22. Rxd8 Kxd8 23. a3 Kc7 24. Kf2 Kd6 25. g3 Kc5 26. Ke3 Kc4 27. Ne2 a5 28. b3+ Kc5 29.
Kd3 b4 30. axb4+ axb4 31. c3 Ba6+ 32. c4 f6 33. Ke3 Bxc4 34. bxc4 Kxc4 35. Kd2 e5 36. fxe5 fxe5 37. Kc2 e4 38. h4 e3 39. Nf4 Kd4 40. Kb3 Ke4 41. Kxb4 Kf3 42. Kc3 Kxg3 43. Ne2+ Kxh4 44. Kd3 g5 45. Kxe3 h5 46. Kf2 Kg4 47. Kg2 h4 48. Nd4 h3+ 49. Kh2 Kh4 50. Nf3+ Kg4 51. Nxg5 Kxg5 52. Kxh3 1/2-1/2

[Event "*** SCC Grand Prix: Titled Tuesday Blitz"]
[Site "Chess.com"]
[Date "2020.08.11"]
[Round "10"]
[White "GMHess"]
[Black "secretsuperstar7"]
[Result "1-0"]
[WhiteElo "2766"]
[BlackElo "2143"]
[TimeControl "180+1"]
[EndTime "11:57:35 PDT"]
[Termination "GMHess won on time"]

1. b3 d5 2. Bb2 Nf6 3. h3 c5 4. g4 Nc6 5. Bg2 e6 6. e3 Be7 7. Ne2 O-O 8. d3 e5 9. Nd2 d4 10. Bxc6 bxc6 11. e4 Ne8 12. Nc4 Qc7 13. Qd2 Be6 14.
Qa5 Bxc4 15. Qxc7 Nxc7 16. dxc4 Rad8 17. Nc1 Ne6 18. Nd3 f6 19. Bc1 Bd6 20. Ke2 g6 21. Bh6 Rf7 22. h4 Re8 23. Rag1 Rfe7 24. Rh3 Nf4+ 25. Bxf4 exf4 26. f3 Kf7 27. h5 g5 28.
Kd1 h6 29. Kc1 Rb8 30. Kb2 Ke6 31. Re1 Kd7 32. Rh2 Kc7 33. Rhe2 Rbe8 34. Ka3 Kb6 35. Ka4 Rb7 36. Rc1 Kc7 37. Ka3 Rbb8 38. c3 dxc3 39.
Rxc3 Rbd8 40. Ka4 Be5 41. Rec2 Bxc3 42. Rxc3 Kb6 43. a3 Rd4 44. b4 cxb4 45. axb4 Red8 46. Nc5 Rd1 47. Kb3 R8d2 48. Na4+ Kb7 49. b5 1-0

[Event "*** SCC Grand Prix: Titled Tuesday Blitz"]
[Site "Chess.com"]
[Date "2020.08.11"]
[Round "10"]
[White "Nafania1"]
[Black "Susal_De_Silva"]
[Result "0-1"]
[WhiteElo "2449"]
[BlackElo "2354"]
[TimeControl "180+1"]
[EndTime "11:57:37 PDT"]
[Termination "Susal_De_Silva won by resignation"]

1. e4 e5 2. Nf3 d6 3. Bc4 Be7 4. O-O Nf6 5. Re1 O-O 6. d3 c6 7. Bb3 a5 8. a3 Na6 9. Nbd2 Nc5 10.
Ba2 h6 11. Nf1 Re8 12. Ng3 Bf8 13. c3 Be6 14. Bxe6 Nxe6 15. d4 Qc7 16. a4 g6 17. h3 Bg7 18. Be3 Rad8 19. Qd2 d5 20. Nxe5 Nxe4 21. Nxe4 dxe4 22. Nc4 g5 23. Qc2 f5 24.
Qb3 Kh7 25. Qb6 Qf7 26. Nxa5 f4 27. Bc1 f3 28. Qxb7 Qh5 29. Qxc6 Nf4 30. Bxf4 gxf4 31. Qb5 Rd5 32. Qb3 Rxa5 33. d5 Qg6 34. g3 fxg3 35. Qc4 e3 36. Rxe3 gxf2+ 37. Kxf2 Qg2+ 38. Ke1 Rxe3+ 39. Kd1 Qe2+ 40. Qxe2 fxe2+ 41. Kd2 e1=Q+ 42. Rxe1 Rxe1 43. Kxe1 Rxd5 0-1

[Event "*** SCC Grand Prix: Titled Tuesday Blitz"]
[Site "Chess.com"]
[Date "2020.08.11"]
[Round "10"]
[White "TST2014"]
[Black "DinaBelenkaya"]
[Result "1-0"]
[WhiteElo "2507"]
[BlackElo "2345"]
[TimeControl "180+1"]
[EndTime "11:57:38 PDT"]
[Termination "TST2014 won by checkmate"]

1. d4 Nf6 2. c4 c5 3. d5 e5 4. Nc3 d6 5. e4 Be7 6. g3 a6 7. Bg2 b5 8. cxb5 axb5 9. Nxb5 Ba6 10. Nc3 h5 11. h4 Nbd7 12. Nge2 Nb6 13. O-O Qd7 14. Bg5 Nh7 15. Bxe7 Qxe7 16. a4 g5 17.
a5 Nd7 18. hxg5 Qxg5 19. f4 exf4 20. gxf4 Qg4 21. Kh2 Nhf6 22. Qe1 h4 23. Bh3 Qh5 24.
Rg1 O-O-O 25. e5 dxe5 26. Rg5 Qf3 27. fxe5 Ne4 28. Nxe4 Qxe4 29. e6 Bxe2 30. exd7+ Kb8 31. Qf2 Rh6 32. a6 Bb5 33. a7+ Ka8 34. Bg2 Qa4 35. d6+ Bc6 36. Rxa4 Bxg2 37. Qxg2# 1-0

[Event "*** SCC Grand Prix: Titled Tuesday Blitz"]
[Site "Chess.com"]
[Date "2020.08.11"]
[Round "10"]
[White "wannabe2700"]
[Black "chigorin28"]
[Result "0-1"]
[WhiteElo "2667"]
[BlackElo "2466"]
[TimeControl "180+1"]
[EndTime "11:57:40 PDT"]
[Termination "chigorin28 won on time"]

1. e4 c6 2. d4 d5 3. e5 Bf5 4.
Nf3 e6 5. Be2 c5 6. Be3 Nc6 7.
dxc5 Qc7 8. c4 O-O-O 9. Qa4 d4 10.
Bg5 f6 11. exf6 gxf6 12. Bh4 d3 13. Bd1 d2+ 14. Nbxd2 Rxd2 15. Kxd2 Qf4+ 16. Kc3 Bxc5 17. a3 Nge7 18. Bc2 e5 19. Bg3 Qg4 20. Rad1 e4 21. Nh4 Be6 22. Qb5 Bb6 23. Kb3 Nd4+ 24. Rxd4 Bxd4 25. Rd1 Bb6 26. Ka2 Qe2 27. Bb3 Nc6 28. c5 Nd4 0-1

[Event "*** SCC Grand Prix: Titled Tuesday Blitz"]
[Site "Chess.com"]
[Date "2020.08.11"]
[Round "10"]
[White "czasnaszachy"]
[Black "maxip32"]
[Result "1/2-1/2"]
[WhiteElo "2227"]
[BlackElo "2428"]
[TimeControl "180+1"]
[EndTime "11:57:40 PDT"]
[Termination "Game drawn by agreement"]

1. d4 g6 2. c4 Bg7 3. Nc3 c5 4. d5 Bxc3+ 5. bxc3 f5 6. e4 fxe4 7. h4 Nf6 8. Ne2 d6 9. Ng3 Nbd7 10. h5 Rg8 11. hxg6 hxg6 12. Qc2 Ne5 13. Bf4 Nf7 14. Nxe4 Nxe4 15. Qxe4 Bf5 16. Qe3 Qd7 17. Rh7 g5 18. Bg3 Bxh7 19. Be2 O-O-O 20. a4 Bf5 21. a5 a6 22. Qd2 Rh8 23. Qb2 Ne5 24. Qb6 Kb8 25. Kd2 Bg6 26. Bxe5 dxe5 27. Qxg6 Rhg8 28. Qe4 Qd6 29. Bg4 Rdf8 30. f3 Rf4 31. Qh7 Rgf8 32. Rb1 e4 33. Rb6 Qe5 34. Qh6 e3+ 35. Ke2 Qxc3 36.
Rxb7+ Kxb7 37. Qc6+ Kb8 38. Qb6+ Ka8 39. Qxa6+ Kb8 40.
Qb6+ Ka8 41. Qa6+ Kb8 42. Qb6+ Ka8 1/2-1/2

[Event "*** SCC Grand Prix: Titled Tuesday Blitz"]
[Site "Chess.com"]
[Date "2020.08.11"]
[Round "10"]
[White "harkerchess"]
[Black "MoreChessJulia"]
[Result "0-1"]
[WhiteElo "2123"]
[BlackElo "1884"]
[TimeControl "180+1"]
[EndTime "11:57:43 PDT"]
[Termination "MoreChessJulia won by resignation"]

1. d4 g6 2. c4 Bg7 3. Nc3 c5 4. g3 cxd4 5. Ne4 d6 6. Bg2 Nc6 7. Nf3 e5 8. O-O f5 9. Ned2 Nf6 10.
Nb3 O-O 11. e3 d3 12. c5 d5 13. Bd2 e4 14. Nfd4 h5 15. Nxc6 bxc6 16. Nd4 Bd7 17. b4 a6 18. a4 Ng4 19. h3 Ne5 20. b5 cxb5 21. axb5 Bxb5 22. Nxb5 axb5 23. Qb3 Qd7 24. Rab1 Rfb8 25. g4 hxg4 26. hxg4 Nxg4 27. f3 Ne5 28.
fxe4 fxe4 29. Bxe4 Qg4+ 30. Bg2 Nc4 31. Rf4 Qe2 32.
Bxd5+ Kh7 33. Rh4+ Bh6 34. Rh2 Nxd2 35. Qb4 Qxe3+ 36. Kh1 Nxb1 37. Qg4 Qe1+ 38. Kg2 Qe2+ 39. Kg3 Qxg4+ 40. Kxg4 0-1

[Event "*** SCC Grand Prix: Titled Tuesday Blitz"]
[Site "Chess.com"]
[Date "2020.08.11"]
[Round "10"]
[White "kuban1991"]
[Black "GM_dmitrij"]
[Result "0-1"]
[WhiteElo "2749"]
[BlackElo "2923"]
[TimeControl "180+1"]
[EndTime "11:57:45 PDT"]
[Termination "GM_dmitrij won by resignation"]

1. Nf3 Nf6 2. g3 g6 3. Bg2 Bg7 4. O-O O-O 5. c4 Nc6 6. Nc3 d5 7. d3 d4 8. Na4 e5 9. a3 a5 10. b4 axb4 11. axb4 e4 12. Ng5 exd3 13. exd3 Bg4 14. Qb3 h6 15. Ne4 Ne5 16. f4 Ned7 17. Bb2 Nxe4 18. dxe4 c6 19. h3 Be2 20. Rfe1 b5 21. Rxe2 bxa4 22. Rxa4 Rxa4 23. Qxa4 d3 24. Rd2 Bxb2 25. Rxb2 Nb6 26. Qxc6 Qd4+ 27. Rf2 d2 28. Bf3 Nxc4 29. Qd5 Qxd5 30. exd5 Re8 31. d6 Re1+ 32. Rf1 Ne3 33. Kf2 Rxf1+ 34. Kxe3 Rxf3+ 35. Kxd2 Kf8 36. Ke2 Rb3 37. d7 Ke7 0-1

[Event "*** SCC Grand Prix: Titled Tuesday Blitz"]
[Site "Chess.com"]
[Date "2020.08.11"]
[Round "10"]
[White "aNaartjieZA"]
[Black "Volodar_Murzin"]
[Result "0-1"]
[WhiteElo "2509"]
[BlackElo "2684"]
[TimeControl "180+1"]
[EndTime "11:57:45 PDT"]
[Termination "Volodar_Murzin won by resignation"]

1. e4 c5 2. Nf3 d6 3. g3 Nf6 4. d3 Nc6 5. Bg2 e5 6. O-O Bg4 7. h3 Bh5 8. c3 Be7 9. Qe1 O-O 10. Nh2 d5 11. f4 dxe4 12. dxe4 exf4 13. gxf4 c4 14. Nd2 Qd3 15. e5 Nd7 16. Qe4 Nc5 17.
Qxc4 Be2 18. Qxd3 Nxd3 19. Ne4 Bxf1 20. Bxf1 Nxc1 21. Rxc1 Rad8 22. Bc4 Kh8 23. Nf3 h6 24. h4 Rc8 25. Bd5 Rcd8 26. Bc4 f5 27. Ng3 Bc5+ 28. Kg2 Be3 29. Re1 Bxf4 30. Nh5 Bd2 31. Re2 Bc1 32. e6 Ne7 33. Ne5 Rd2 34. Rxd2 Bxd2 35.
Kf3 g6 36. Nf7+ Kg8 37. Nf6+ Kg7 38. Nd7 Ra8 39. Nd6 b6 40. Ba6 g5 41. hxg5 hxg5 42.
Nf7 g4+ 43. Kg3 Ng6 44. Bb7 Re8 45. Nd6 Bf4+ 0-1

[Event "*** SCC Grand Prix: Titled Tuesday Blitz"]
[Site "Chess.com"]
[Date "2020.08.11"]
[Round "10"]
[White "GelmanAlexander"]
[Black "awesomevishesh"]
[Result "0-1"]
[WhiteElo "2551"]
[BlackElo "2402"]
[TimeControl "180+1"]
[EndTime "11:57:45 PDT"]
[Termination "awesomevishesh won by resignation"]

1. d4 Nf6 2. Nc3 d5 3. Bf4 g6 4. e3 Bg7 5. h4 h5 6. Nf3 c6 7. Ne5 Nbd7 8. Qd2 Nxe5 9. Bxe5 b5 10. Bd3 O-O 11. f3 b4 12. Ne2 c5 13. dxc5 Ne4 14.
Bxe4 dxe4 15. Bxg7 Kxg7 16. Qxb4 exf3 17. gxf3 e5 18.
Qc3 Qf6 19. O-O-O Bb7 20. Rhf1 Rfd8 21. Rxd8 Rxd8 22. f4 Ba6 23. Re1 Qxh4 24. b3 Kg8 25. Kb2 Qf2 26. Nc1 Rd2 27. Rf1 Bxf1 28. c6 Bh3 29. c7 Bc8 30. Nd3 Qxe3 31. Qc6 Qxd3 32. Qe8+ Kg7 33. Qxe5+ Kh7 34. Qc5 Qd4+ 35. Qxd4 Rxd4 36.
Kc3 Rxf4 0-1

[Event "*** SCC Grand Prix: Titled Tuesday Blitz"]
[Site "Chess.com"]
[Date "2020.08.11"]
[Round "10"]
[White "Carnivoras"]
[Black "Thipsay"]
[Result "1-0"]
[WhiteElo "2648"]
[BlackElo "2473"]
[TimeControl "180+1"]
[EndTime "11:57:46 PDT"]
[Termination "Carnivoras won by resignation"]

1. d4 Nf6 2. c4 g6 3. Nc3 Bg7 4. e4 d6 5. Bd3 e5 6. d5 c5 7. dxc6 Nxc6 8. Nge2 O-O 9. O-O Be6 10. Nd5 Bxd5 11. exd5 Ne7 12. Nc3 Nd7 13. Ne4 Nc8 14.
Bd2 h6 15. Bb4 Qb6 16. Qa4 f5 17. Nc3 Nf6 18. Rab1 e4 19. Be2 f4 20. Qb5 Qd8 21. Qxb7 Ne7 22. c5 Rb8 23. Qxa7 Rxb4 24. c6 Nexd5 25.
Nxd5 Nxd5 26. a3 Rd4 27. Rfd1 Rd2 28. Rxd2 Nc7 29. Rbd1 f3 30. Rxd6 Qg5 31. Bc4+ Kh8 32. g3 Nb5 33. Bxb5 Qxb5 34. Qe3 Qf5 35. Qe1 h5 36.
Rd8 h4 37. Rxf8+ Bxf8 38. c7 hxg3 39. hxg3 Kg7 40. Rc1 Qc8 41. Qxe4 1-0

[Event "*** SCC Grand Prix: Titled Tuesday Blitz"]
[Site "Chess.com"]
[Date "2020.08.11"]
[Round "10"]
[White "KaspMagAlpha"]
[Black "Sn00pPawn"]
[Result "1-0"]
[WhiteElo "2182"]
[BlackElo "2007"]
[TimeControl "180+1"]
[EndTime "11:57:46 PDT"]
[Termination "KaspMagAlpha won on time"]

1. d4 Nf6 2. c4 g6 3. g3 Bg7 4. Bg2 O-O 5. Nf3 d6 6. O-O Nc6 7. Nc3 a6 8. Qd3 Rb8 9. d5 Ne5 10. Nxe5 dxe5 11. h3 e6 12. Bg5 h6 13. Be3 exd5 14.
cxd5 e4 15. Qc4 b5 16. Qb3 Bb7 17. Rad1 Qe7 18. a4 b4 19. Na2 a5 20. Qc4 Rfd8 21. Bc5 Qe5 22. b3 Bxd5 23. Qc2 Qe6 24. Nc1 Nd7 25. Be3 c6 26. Qb1 Nf6 27. Rd2 Nh7 28. Rfd1 Ng5 29. Bf4 Rbc8 30. h4 Nh3+ 31. Kh2 Nxf4 32.
gxf4 Qf6 33. e3 Qxh4+ 34. Kg1 1-0

[Event "*** SCC Grand Prix: Titled Tuesday Blitz"]
[Site "Chess.com"]
[Date "2020.08.11"]
[Round "10"]
[White "sergivila"]
[Black "pedromartinez91"]
[Result "0-1"]
[WhiteElo "2439"]
[BlackElo "2570"]
[TimeControl "180+1"]
[EndTime "11:57:47 PDT"]
[Termination "pedromartinez91 won by resignation"]

1. e4 d6 2. d4 Nd7 3. Nc3 e6 4. f4 g6 5. Nf3 Bg7 6. Be3 Ne7 7. Qd2 b6 8. O-O-O Bb7 9. Be2 Nf6 10. Bd3 a6 11.
Kb1 Qd7 12. Qe2 b5 13. e5 Nfd5 14. Ne4 Nxe3 15. Qxe3 Nd5 16. Qd2 Nb6 17. g4 Nc4 18. Qe2 O-O-O 19. Bxc4 bxc4 20. exd6 cxd6 21. Qxc4+ Kb8 22.
Qe2 Rc8 23. Rhe1 Qc6 24. Rd3 Ka8 25. Rb3 Rc7 26. Rc3 Qb6 27. Rxc7 Qxc7 28. Ned2 h5 29. g5 Rc8 30. Nb3 Qb6 31. Qe3 a5 32. Nfd2 a4 33.
Nc1 Bxd4 34. Qa3 Ba6 35. Ne4 Qc6 36. c3 Ba7 37. Nxd6 Bc5 0-1

[Event "*** SCC Grand Prix: Titled Tuesday Blitz"]
[Site "Chess.com"]
[Date "2020.08.11"]
[Round "10"]
[White "suyu28"]
[Black "Babas"]
[Result "1-0"]
[WhiteElo "2574"]
[BlackElo "2446"]
[TimeControl "180+1"]
[EndTime "11:57:48 PDT"]
[Termination "suyu28 won by resignation"]

1. d4 Nf6 2. c4 c5 3. d5 e6 4. Nc3 exd5 5. cxd5 d6 6. e4 g6 7. Nf3 Bg7 8. h3 O-O 9. Bd3 b5 10. Nxb5 Nxe4 11. O-O Re8 12. Re1 Bf5 13. g4 a6 14. gxf5 axb5 15. Rxe4 Rxe4 16. Bxe4 Nd7 17.
Bg5 Qb6 18. Qd2 Nf6 19. Bc2 c4 20. a3 Qc5 21. Rd1 Nh5 22. Be3 Qc8 23. Bd4 Bf8 24. Bc3 Qb7 25. Qg5 Be7 26. f6 Bf8 27. Kh1 Re8 28.
Rg1 Kh8 29. Bd1 Qd7 30. Qg4 Qb7 31. Ng5 Bh6 32. Bf3 Qb6 33. Bd4 Qd8 34. Ne6 Qc8 35.
Qh4 Nf4 36. Qxh6 1-0

[Event "*** SCC Grand Prix: Titled Tuesday Blitz"]
[Site "Chess.com"]
[Date "2020.08.11"]
[Round "10"]
[White "TargetA"]
[Black "NoboaKevin1999"]
[Result "0-1"]
[WhiteElo "2565"]
[BlackElo "2433"]
[TimeControl "180+1"]
[EndTime "11:57:48 PDT"]
[Termination "NoboaKevin1999 won by resignation"]

1. e4 e6 2. d4 d5 3. Nc3 Nf6 4.
e5 Nfd7 5. f4 c5 6. Nf3 Be7 7.
Bd3 Nc6 8. Be3 a6 9. O-O b5 10. dxc5 Nxc5 11. a4 b4 12. Ne2 Qc7 13. Ned4 Nxd4 14.
Nxd4 O-O 15. Bxh7+ Kxh7 16. Qh5+ Kg8 17. Rf3 f5 18.
Rh3 Ne4 19. Qg6 Bc5 20. Kh1 Bxd4 21. Bxd4 Qd7 22. Rg1 Qe8 23. Qh7+ Kf7 24. g4 Ke7 25. gxf5 Kd8 26. Rxg7 Bd7 27. f6 Kc8 28. Bb6 Rb8 29. a5 Rxb6 30. axb6 Nf2+ 31. Kg2 Nxh3 32. Kxh3 Rh8 33.
b7+ Kxb7 34. Rxd7+ Kb6 35. Kg4 Rxh7 36. Rxh7 Qg6+ 37.
Kf3 Qxh7 0-1

[Event "*** SCC Grand Prix: Titled Tuesday Blitz"]
[Site "Chess.com"]
[Date "2020.08.11"]
[Round "10"]
[White "Azeryahu"]
[Black "Oleksandr_Bortnyk"]
[Result "1-0"]
[WhiteElo "2802"]
[BlackElo "2963"]
[TimeControl "180+1"]
[EndTime "11:57:50 PDT"]
[Termination "Azeryahu won by resignation"]

1. c4 d6 2. Nc3 e5 3. Nf3 f5 4. g3 Nf6 5. d4 g6 6. dxe5 Ng4 7. Bg5 Be7 8. Bxe7 Qxe7 9. exd6 cxd6 10. Nb5 O-O 11. Qxd6 Qg7 12. Qd5+ Kh8 13. Qd4 Nf6 14. Bg2 a6 15. Nd6 Nc6 16. Qc3 f4 17. O-O Bg4 18.
Rad1 fxg3 19. hxg3 Ne7 20. Rd4 b5 21. Ne5 Bxe2 22.
Re1 Bxc4 23. Bxa8 Rxa8 24. Nef7+ Bxf7 25. Rxe7 Rf8 26. Rf4 Nd5 27. Qxg7+ Kxg7 28. Rfxf7+ Rxf7 29. Rxf7+ Kh6 30. Ra7 Nb4 31. a3 Nd3 32. Rxa6 b4 33. axb4 Nxb4 34. Ra4 Nd3 35. Rd4 Nxb2 36. Kf1 Kg5 37. Ke1 Kf6 38. f4 g5 39. Kd2 gxf4 40.
gxf4 h5 41. Kc2 h4 42. Kxb2 Kg6 43. Rd5 Kh6 44. Rg5 Kh7 45. Nf5 h3 46. Rg3 h2 47.
Rh3+ Kg6 48. Rxh2 Kxf5 49. Rh1 Kg4 50. Ra1 Kxf4 51. Kc3 Ke5 52. Kd3 Kd5 53. Ra5+ Kc6 54. Kc4 Kd6 55. Rc5 Ke6 56. Rd5 Ke7 57. Kd4 Ke6 58.
Ke4 Kf6 59. Re5 1-0

[Event "*** SCC Grand Prix: Titled Tuesday Blitz"]
[Site "Chess.com"]
[Date "2020.08.11"]
[Round "10"]
[White "Oligan22"]
[Black "Nara_Kh"]
[Result "1-0"]
[WhiteElo "2436"]
[BlackElo "2318"]
[TimeControl "180+1"]
[EndTime "11:57:50 PDT"]
[Termination "Oligan22 won on time"]

1. e4 c5 2. Nf3 d6 3. Bb5+ Nd7 4. O-O a6 5. Bxd7+ Bxd7 6. c3 Nf6 7. Re1 e6 8. d4 Be7 9. h3 O-O 10. Nbd2 Rc8 11.
b3 b5 12. Bb2 Qc7 13. Rc1 Bc6 14. c4 cxd4 15. Nxd4 Qb6 16. Qf3 Bb7 17. Qd3 Nd7 18.
cxb5 Ne5 19. Qe3 axb5 20. f4 Nc6 21. Kh2 Nxd4 22. Bxd4 Qa5 23. a4 bxa4 24. Nc4 Qb4 25. Bc3 Qxb3 26. Nb6 Rc6 27. Bd2 Qxe3 28. Bxe3 Rxc1 29.
Bxc1 Bc6 30. Ba3 Rb8 31. Nc4 Rb3 32. Ra1 d5 33. Bxe7 1-0

[Event "*** SCC Grand Prix: Titled Tuesday Blitz"]
[Site "Chess.com"]
[Date "2020.08.11"]
[Round "10"]
[White "MashaFromRussia"]
[Black "serena-maria"]
[Result "1-0"]
[WhiteElo "2411"]
[BlackElo "2279"]
[TimeControl "180+1"]
[EndTime "11:57:51 PDT"]
[Termination "MashaFromRussia won by checkmate"]

1. d4 Nf6 2. c4 g6 3. Nf3 Bg7 4. g3 O-O 5. Bg2 d5 6. cxd5 Nxd5 7. O-O Nc6 8. e4 Nb6 9. d5 Na5 10. Nc3 c6 11. Re1 Bxc3 12. bxc3 cxd5 13. exd5 Nxd5 14.
Bh6 Re8 15. Qd4 f6 16. Rad1 e6 17. c4 Nc6 18. Qb2 Qb6 19. Qa1 Ndb4 20. Qxf6 Qc7 21. Ng5 Qe7 22. Qc3 Nxa2 23. Qb2 Nab4 24. Nxe6 Bd7 25. Re3 Rac8 26. Ng5 Ne5 27. Rxe5 Qxe5 28. Qxb4 Be6 29. Re1 Qf6 30. Rxe6 Rxe6 31. Bd5 Qa1+ 32. Kg2 Kh8 33. Bxe6 Qe5 34. Nf7+ Kg8 35. Nxe5+ Kh8 36.
Qe7 Rc7 37. Qf8# 1-0

[Event "*** SCC Grand Prix: Titled Tuesday Blitz"]
[Site "Chess.com"]
[Date "2020.08.11"]
[Round "10"]
[White "Fortitudine"]
[Black "mr65"]
[Result "0-1"]
[WhiteElo "2238"]
[BlackElo "2151"]
[TimeControl "180+1"]
[EndTime "11:57:51 PDT"]
[Termination "mr65 won on time"]

1. c4 Nf6 2. g3 g6 3. Bg2 Bg7 4. Nc3 O-O 5. e4 d6 6. d3 Nc6 7.
Nge2 Bg4 8. h3 Bxe2 9. Nxe2 Nd7 10. O-O Nd4 11. Rb1 Nxe2+ 12. Qxe2 c5 13. Be3 Rb8 14.
b4 b5 15. cxb5 Rxb5 16. bxc5 Rxb1 17. Rxb1 Nxc5 18. d4 Ne6 19. Qc4 Qc8 20. Qxc8 Rxc8 21. d5 Nc5 22. f3 a5 23. Bf1 h5 24. h4 Be5 25. Kf2 Na4 26. f4 Bg7 27. Kf3 Nc3 28.
Rb7 Nxa2 29. Ra7 Bc3 30. Bb5 Kf8 31. f5 Bb4 32. Bh6+ Kg8 33. fxg6 fxg6 34. Rxe7 Nc3 35. Bd7 Rf8+ 36. Bxf8 Kxf8 37. Re8+ Kf7 38. Ra8 Kf6 39. Re8 a4 40. Re6+ Kf7 41. Bxa4 Nxa4 42. e5 dxe5 43. Rxe5 Nc3 44. Re6 Nxd5 0-1

[Event "*** SCC Grand Prix: Titled Tuesday Blitz"]
[Site "Chess.com"]
[Date "2020.08.11"]
[Round "10"]
[White "Aguiar94"]
[Black "Matveev_Vladimir"]
[Result "1-0"]
[WhiteElo "2475"]
[BlackElo "2636"]
[TimeControl "180+1"]
[EndTime "11:57:54 PDT"]
[Termination "Aguiar94 won by resignation"]

1. e4 c5 2. Nf3 d6 3. d4 cxd4 4. Qxd4 e5 5. Bb5+ Nd7 6. Qd3 a6 7. Bxd7+ Bxd7 8. O-O h6 9. c4 b5 10. Nc3 bxc4 11. Qxc4 Nf6 12. Be3 Be7 13. Rfd1 O-O 14. h3 Be6 15. Qa4 Qb8 16. b3 Rc8 17. Rac1 a5 18. Nd2 Bd7 19. Qa3 Qb4 20. Qb2 a4 21.
a3 Qb7 22. b4 Be6 23. Rc2 Rc7 24. Rdc1 Rd7 25. Qb1 d5 26. exd5 Nxd5 27. Nxd5 Bxd5 28. f3 f5 29. Nc4 Bxc4 30. Rxc4 Rad8 31. Qxf5 Bf6 32.
h4 Rd1+ 33. Rxd1 Rxd1+ 34. Kh2 Rd8 35. Bxh6 Qa6 36. Rg4 Qd6 37. Be3 Kh8 38. h5 Rf8 39. h6 e4+ 40. Bf4 Qd3 41. Qxe4 Qxa3 42. Be5 1-0

[Event "*** SCC Grand Prix: Titled Tuesday Blitz"]
[Site "Chess.com"]
[Date "2020.08.11"]
[Round "10"]
[White "IANOV0007"]
[Black "Fighter008"]
[Result "0-1"]
[WhiteElo "2499"]
[BlackElo "2689"]
[TimeControl "180+1"]
[EndTime "11:57:57 PDT"]
[Termination "Fighter008 won on time"]

1. Nf3 Nf6 2. g3 g6 3. Bg2 Bg7 4. O-O O-O 5. c4 d6 6. Nc3 c6 7. d4 Bf5 8. Nh4 Be6 9. d5 cxd5 10. cxd5 Bd7 11. Nf3 a5 12. Nd4 Na6 13. h3 Nc5 14.
Be3 a4 15. a3 Qa5 16. Rc1 Rfc8 17. Qd2 Ne8 18. Rc2 Nc7 19. Rfc1 Bxd4 20. Bxd4 Nb3 21.
Qe3 Nxc1 22. Rxc1 Re8 23. Qh6 f6 24. h4 Rf8 25. h5 Be8 26. hxg6 Bxg6 27. e4 Ne8 28. Ne2 Ng7 29. Nf4 Rfc8 30. Rxc8+ Rxc8 31. Nxg6 hxg6 32. Qxg6 Qd2 33. Be3 Qd1+ 34. Kh2 Qh5+ 35. Qxh5 Nxh5 36. Bd4 Rc2 37. Kg1 Rc1+ 38. Bf1 Ng7 39.
Kg2 Ne8 40. Bc3 Nc7 41. Be2 Na6 42. Bxa6 bxa6 43. Kf3 Kf7 44. Ke3 Rc2 45. g4 e5 46.
f3 Rh2 0-1

[Event "*** SCC Grand Prix: Titled Tuesday Blitz"]
[Site "Chess.com"]
[Date "2020.08.11"]
[Round "10"]
[White "Ural_bogatyr"]
[Black "WPWPWP-2015"]
[Result "1-0"]
[WhiteElo "2364"]
[BlackElo "2384"]
[TimeControl "180+1"]
[EndTime "11:57:57 PDT"]
[Termination "Ural_bogatyr won on time"]

1. e4 c5 2. Nf3 e6 3. c3 Nf6 4. e5 Nd5 5. d4 cxd4 6. Qxd4 Nc6 7. Qe4 d6 8. Bb5 Bd7 9. c4 Nc7 10. Bg5 f6 11. exf6 gxf6 12. Bh4 Nxb5 13. cxb5 Ne5 14. Nxe5 dxe5 15. Nc3 Be7 16. Qxb7 Rb8 17. Qxa7 Bxb5 18. Rd1 Qc8 19. Nxb5 Rxb5 20. O-O Rb7 21. Qa4+ Kf7 22. Qg4 h5 23. Qh3 Rxb2 24. Bg3 h4 25. Bxh4 f5 26. g3 Bxh4 27. gxh4 Rg8+ 28. Kh1 Qc6+ 29. f3 e4 30. h5 Qc2 31. Rg1 exf3 32. h6 Rg2 33. Qh5+ Kf6 34. Qh4+ Kg6 35. h7 Rg4 36. h8=Q 1-0

[Event "*** SCC Grand Prix: Titled Tuesday Blitz"]
[Site "Chess.com"]
[Date "2020.08.11"]
[Round "10"]
[White "chessfrendz"]
[Black "Barmen_EV"]
[Result "0-1"]
[WhiteElo "2271"]
[BlackElo "2410"]
[TimeControl "180+1"]
[EndTime "11:57:58 PDT"]
[Termination "Barmen_EV won on time"]

1. d4 d5 2. c4 e6 3. Nc3 Bb4 4. Nf3 Nf6 5. cxd5 exd5 6. Bg5 h6 7. Bh4 g5 8. Bg3 Ne4 9. Rc1 h5 10. Nd2 Nxd2 11. Qxd2 h4 12. Qe3+ Be6 13. Be5 Rg8 14.
h3 Nc6 15. a3 Nxe5 16. Qxe5 Bd6 17. Qe3 Bf4 18. Qd3 Bxc1 19. e3 c6 20. Qc2 Bxe3 21.
fxe3 Qd6 22. Qf2 O-O-O 23. Bd3 g4 24. hxg4 Rxg4 25. Rxh4 Rdg8 26. Rxg4 Rxg4 27. Ne2 Qh2 28. Nf4 Qh1+ 29. Bf1 Qh4 30. Qxh4 Rxh4 31. Kf2 Kd7 32. Nd3 b6 33. Ne5+ Kd6 34. Nf3 Rh8 35. Bd3 a5 36. Ng1 c5 37. Nf3 f6 38. Nd2 c4 39. Bc2 b5 40. Nf1 b4 41. axb4 axb4 42. g3 Ra8 43. Nd2 Ra2 0-1

[Event "*** SCC Grand Prix: Titled Tuesday Blitz"]
[Site "Chess.com"]
[Date "2020.08.11"]
[Round "10"]
[White "Fins0905"]
[Black "abhidabhi"]
[Result "0-1"]
[WhiteElo "2645"]
[BlackElo "2788"]
[TimeControl "180+1"]
[EndTime "11:57:59 PDT"]
[Termination "abhidabhi won on time"]

1. d4 Nf6 2. c4 g6 3. Nc3 d5 4. Bg5 Bg7 5. e3 Ne4 6. Nxe4 dxe4 7. Qd2 c5 8. d5 O-O 9. Ne2 Nd7 10. Nc3 f5 11.
Be2 h6 12. Bh4 Ne5 13. O-O-O a6 14. f4 exf3 15. gxf3 b5 16. f4 Nxc4 17. Bxc4 bxc4 18. d6 Qxd6 19. Qg2 Qb6 20. Rhg1 Rb8 21. Nd5 Qxb2+ 22.
Qxb2 Bxb2+ 23. Kc2 Kf7 24. Bxe7 Bd7 25. Bxf8 Ba4+ 26.
Kd2 Rd8 27. Bxc5 Rxd5+ 28. Bd4 Bxd4 29. Ke2 Bxd1+ 30. Rxd1 Ke6 31. exd4 Ra5 32. Rd2 Kd5 33. Rb2 Kxd4 34. Rb6 Rxa2+ 35. Kf3 c3 36. Rd6+ Kc4 37. Rxg6 c2 38. Rxh6 Ra5 39. Rc6+ Rc5 0-1